 Dungeon Crawl Stone Soup version 0.18-a0-1713-g50a528e (webtiles) character file.

2650 MenacingMecha the Severer (level 9, -15/71 HPs)
             Began as a Hill Orc Gladiator on Apr 7, 2016.
             Was a Priest of Okawaru.
             Demolished by an orc warrior
             ... wielding a +0 halberd
              (18 damage)
             ... on level 8 of the Dungeon.
             The game lasted 01:49:37 (9333 turns).

MenacingMecha the Severer (Hill Orc Gladiator)      Turns: 9333, Time: 01:49:37

Health: -15/71     AC: 12    Str: 18    XL:     9   Next: 62%
Magic:  9/9        EV:  8    Int:  8    God:    Okawaru [***...]
Gold:   565        SH:  0    Dex: 17    Spells: 0 memorised, 8 levels left

rFire  . . .     SeeInvis .     a - +0 war axe
rCold  . . .     Gourm    .     v - +0 chain mail
rNeg   + . .     Faith    .     (no shield)
rPois  .         Spirit   .     c - +1 helmet
rElec  .         Dismiss  .     j - +0 cloak
rCorr  .         Reflect  .     (no gloves)
SustAt .         Harm     .     (no boots)
MR     .....                    (no amulet)
Stlth  ..........               D - +3 ring of dexterity
                                l - ring of positive energy

@: not resistant to hostile enchantments, extremely unstealthy
A: no striking features
a: Heroism, Renounce Religion


You were on level 8 of the Dungeon.
You worshipped Okawaru.
Okawaru was most pleased with you.
You were very hungry.

You visited 2 branches of the dungeon, and saw 9 of its levels.

You collected 565 gold pieces.

Inventory:

Hand Weapons
 a - a +0 war axe (weapon)
 x - a +4 hand axe
Missiles
 d - 4 throwing nets (quivered)
 q - 2 poisoned tomahawks
 y - 2 tomahawks
Armour
 c - a +1 helmet (worn)
 j - a +0 cloak (worn)
 v - a +0 chain mail (worn)
Jewellery
 i - an uncursed ring of resist corrosion
 l - a ring of positive energy (left hand)
 D - a +3 ring of dexterity (right hand)
Wands
 E - a wand of flame (19/48)
 G - a wand of digging (1/24)
Scrolls
 b - a scroll of immolation {unknown}
 h - 3 scrolls of fog {unknown}
 k - 2 scrolls of enchant weapon {unknown}
 u - a scroll of magic mapping
 z - 4 scrolls of teleportation
 A - 4 scrolls of enchant armour
 B - 6 scrolls of identify
 F - a scroll of remove curse
 H - 2 scrolls of amnesia
 K - a scroll of blinking {unknown}
Potions
 e - a potion of haste {unknown}
 g - 2 potions of brilliance
 p - 3 potions of curing
 s - 3 potions of heal wounds {unknown}
 t - a potion of flight {unknown}
 w - 2 potions of mutation {unknown}
 C - 2 potions of agility {unknown}
Books
 n - a book of Callings

   Spells                             Type                      Level
   a - Summon Small Mammal            Summoning                    1
   b - Call Imp                       Summoning                    2
   c - Call Canine Familiar           Summoning                    3
   d - Summon Guardian Golem          Hexes/Summoning              3
   e - Summon Lightning Spire         Summoning/Air                4
   f - Summon Ice Beast               Ice/Summoning                4
 I - a book of Necromancy

   Spells                             Type                      Level
   a - Pain                           Necromancy                   1
   b - Animate Skeleton               Necromancy                   1
   c - Vampiric Draining              Necromancy                   3
   d - Regeneration                   Charms/Necromancy            3
   e - Animate Dead                   Necromancy                   4
   f - Control Undead                 Necromancy                   4
Comestibles
 f - 5 bread rations
 m - 2 fruits
 o - 4 beef jerkies
 r - 2 meat rations


   Skills:
 + Level 4.2 Fighting
 - Level 15.3 Axes
 - Level 1.7 Throwing
 + Level 2.6 Armour
 - Level 2.4 Dodging


You had 8 spell levels left.
You didn't know any spells.

Dungeon Overview and Level Annotations

Branches:
Dungeon (8/15)             Temple (1/1) D:5
   Lair: D:8-11

Altars:
Ashenzari
Cheibriados
Dithmenos
Elyvilon
Fedhas
Gozag
Kikubaaqudgha
Makhleb
Nemelex Xobeh
Okawaru
Pakellas
Qazlal
Sif Muna
Trog
Vehumet
Xom
Yredelemnul
Zin
The Shining One

Shops:
D:6 [

Annotations:
D:8 Maurice


Message History

The orc warrior barely misses you.
You completely miss the orc warrior.
The orc warrior is lightly wounded.
You hit the orc warrior.
The orc warrior is moderately wounded.
The orc warrior hits you with a halberd!!
* * * LOW HITPOINT WARNING * * *
You hit the orc warrior.
The orc warrior is heavily wounded.
You closely miss something. Something hits you but does no damage.
The orc warrior hits you with a halberd!
* * * LOW HITPOINT WARNING * * *
You slash the orc warrior!
The orc warrior is severely wounded.
You miss something.
Your chain mail prevents you from hitting the orc warrior.
The orc warrior is severely wounded.
You closely miss something. Something hits you but does no damage.
The orc warrior hits you with a halberd!!
You die...

########### ###
#.......$.######..
#.....##..........
#.###.##..........
#.# #.###...####..
#@# ..# #.#.......
#o....###.#.####..
#...#[....#.......
#......#######.##.
#...#.. ..#....##.
#.....###.#.#####.
#.#.......#.# #.
#......##...# ##
###....######


You could see an orc warrior.

Vanquished Creatures
  Eustachio (D:6)
  A hungry ghost (D:8)
  Menkaure (D:6)
  An orc warrior (D:8)
  3 ice beasts
  A necrophage (D:7)
  A centaur (D:6)
  2 ogres
  5 giant frogs
  A wyvern zombie (D:8)
  A water moccasin skeleton (D:7)
  A scorpion (D:7)
  A howler monkey (D:6)
  5 crimson imps
  2 orc priests
  A jelly (D:5)
  A giant frog skeleton (D:4)
  3 iguanas
  Ijyb (D:2)
  A hound (D:8)
  4 orc wizards (D:7)
  5 worker ants
  A killer bee zombie (D:6)
  2 hound skeletons
  A hound zombie (D:8)
  7 gnolls
  10 adders
  2 oozes
  3 adder skeletons
  An adder zombie (D:6)
  2 worms
  3 dart slugs
  11 giant geckos
  19 orcs
  A ball python (D:5)
  2 giant cockroaches (D:1)
  13 goblins
  10 hobgoblins
  3 jackals (D:2)
  5 kobolds
  5 quokkas
  7 bats
  5 giant newts
  2 jackal zombies (D:6)
  A quokka skeleton (D:6)
  10 rats
169 creatures vanquished.

Notes
Turn   | Place    | Note
--------------------------------------------------------------
     0 | D:1      | MenacingMecha the Hill Orc Gladiator began the quest for the Orb.
     0 | D:1      | Reached XP level 1. HP: 18/18 MP: 1/1
   304 | D:1      | Reached XP level 2. HP: 25/25 MP: 2/2
   504 | D:1      | Reached skill level 5 in Axes
   818 | D:1      | Reached XP level 3. HP: 27/30 MP: 3/3
  1539 | D:1      | Reached skill level 6 in Axes
  1824 | D:2      | Reached XP level 4. HP: 30/37 MP: 4/4
  2015 | D:2      | Noticed Ijyb
  2388 | D:3      | Found a faded altar to an unknown god.
  2548 | D:3      | Reached skill level 7 in Axes
  2923 | D:3      | Reached XP level 5. HP: 41/42 MP: 5/5
  3273 | D:4      | Reached skill level 8 in Axes
  3303 | D:4      | Noticed an ogre
  3311 | D:4      | Killed an ogre
  3311 | D:4      | Reached XP level 6. HP: 50/50 MP: 6/6
  3467 | D:4      | Found a stormy altar of Qazlal.
  3528 | D:4      | Reached skill level 9 in Axes
  4092 | D:5      | Entered Level 5 of the Dungeon
  4141 | D:5      | Found a staircase to the Ecumenical Temple.
  4164 | Temple   | Entered the Ecumenical Temple
  4269 | Temple   | Became a worshipper of Warmaster Okawaru
  4351 | D:5      | Noticed an ice beast
  4364 | D:5      | Killed an ice beast
  4364 | D:5      | Reached skill level 10 in Axes
  4364 | D:5      | Reached XP level 7. HP: 21/56 MP: 7/7
  5075 | D:6      | Found a burning altar of Makhleb.
  5076 | D:6      | Found a radiant altar of Vehumet.
  5139 | D:6      | Found a shimmering altar of Xom.
  5259 | D:6      | Reached skill level 11 in Axes
  5447 | D:6      | Noticed Menkaure
  5567 | D:6      | Found Xeydiah's Armour Emporium.
  5586 | D:6      | Noticed Eustachio
  5606 | D:6      | Killed Eustachio
  5606 | D:6      | Reached * piety under Okawaru
  5606 | D:6      | Reached XP level 8. HP: 24/62 MP: 8/8
  6071 | D:2      | Reached skill level 12 in Axes
  6453 | D:2      | Killed Ijyb
  6972 | D:7      | Reached skill level 13 in Axes
  7002 | D:7      | Found a glowing golden altar of the Shining One.
  7459 | D:7      | Reached ** piety under Okawaru
  7619 | D:7      | Found a deep blue altar of Sif Muna.
  7684 | D:7      | Reached skill level 14 in Axes
  7694 | D:7      | Reached XP level 9. HP: 55/68 MP: 9/9
  8034 | D:8      | Reached skill level 15 in Axes
  8659 | D:8      | Noticed Maurice
  8785 | D:6      | Killed Menkaure
  8785 | D:6      | Reached *** piety under Okawaru
  8785 | D:6      | Reached skill level 1 in Armour
  9023 | D:6      | Found a shadowy altar of Dithmenos.
  9331 | D:8      | HP: 3/71 [orc warrior/halberd (14)]
  9333 | D:8      | Demolished by an orc warrior

Vault maps used:
D:1:      tarquinn_simple_flora_water_c
D:2:      kennysheep_goblin_castle
D:3:      ecumenical_altar_1
D:4:      nicolae_qazlal_eye_of_the_storm, st_stairs_1, kennysheep_path_1
D:5:      kennysheep_big_flooded_room, minmay_temple_entry_junction2,
          first_bread, fountainhead
D:6:      grunt_temple_overflow_lords_of_destruction,
          nicolae_dithmenos_through_a_glass_darkly, serial_shops, shop, tgw_xom,
          uniq_menkaure, uniq_eustachio
D:7:      kennysheep_little_box, nicolae_overflow_crystal_walls,
          due_unseen_surprise
D:8:      cheibrodos_stairvault_heist, uniq_maurice
Temple:   circular_temple_12

Skill      XL: |  1  2  3  4  5  6  7  8  9 |
---------------+----------------------------+-----
Axes           | 5 6 7 8 10 11 14 15 | 15.3
Fighting       | 4 |  4.2
Armour         | 2 |  2.6
Throwing       | |  1.7
Dodging        | |  2.4

Action                   |  1- 3 |  4- 6 |  7- 9 || total
-------------------------+-------+-------+-------++-------
Melee: Whip              |   189 |   117 |       ||   306
       War axe           |     2 |    65 |    57 ||   124
       Hand axe          |       |    22 |   384 ||   406
Throw: Throwing net      |       |     2 |       ||     2
Invok: Heroism           |       |       |     1 ||     1
Evoke: Wand              |       |       |     2 ||     2
  Use: Potion            |     1 |     2 |     1 ||     4
       Scroll            |       |     7 |     2 ||     9
 Stab: Held in net/web   |       |     1 |       ||     1
       Invisible         |       |       |     4 ||     4
  Eat: Chunk             |     3 |     8 |    10 ||    21
       Meat ration       |       |       |     2 ||     2
       Pizza             |       |       |     1 ||     1
